cohdb
Replays
Latest Replays
All Replays
Popular Replays
Top Player Replays
Match Explorer
How It Works
Community
CoH3 Stats
Reddit
Sign in to upload your games and track your stats! →
Sign in with Steam
Match 44589809
Unlisted
Match 44589809
Overview
Messages
Build Orders
End
Pioneer Squad
Construct Infanterie Kompanie
Selects Breakthrough Battlegroup
Selects Assault Grenadiers
Grenadier Squad
Grenadier Squad
Grenadier Squad
Infanterie Officer Quarters
MG 42 Machine Gun Team
Construct Luftwaffe Kompanie
Selects Rapid Production
Selects Breakthrough
221 Scout Car
Jäger Squad
Selects Mechanized Assault Group
Mechanized Assault Group
Luftwaffe Officer Quarters
Jäger Squad
Medical Bunker
Construct Panzer Kompanie
Selects Blitzkrieg
Panzer IV Medium Tank
咚咚锵个腿
MDJ1305
0
0
Comments
sign in to comment!
No comments posted yet!